 Dungeon Crawl Stone Soup version 0.21-a0-625-g1119ec1 (webtiles) character file.

16 tidbits the Caller (level 2, 0/20 HPs)
             Began as a Gnoll Summoner on Dec 24, 2017.
             Slain by a quokka (2 damage)
             ... on level 2 of the Dungeon.
             The game lasted 00:03:12 (306 turns).

tidbits the Caller (Gnoll Summoner)                  Turns: 306, Time: 00:03:12

Health: 0/20       AC:  2    Str: 10    XL:     2   Next: 58%
Magic:  5/7        EV: 14    Int: 17    God:
Gold:   10         SH:  0    Dex: 15    Spells: 9/10 levels left

rFire    . . .     SeeInvis .   a - +0 mace
rCold    . . .     Gourm    .   (no shield)
rNeg     . . .     Faith    .   e - +0 robe
rPois    .         Spirit   .   (no helmet)
rElec    .         Reflect  .   (no cloak)
rCorr    .         Harm     .   (no gloves)
MR       .....                  (no boots)
Stlth    +++.......             (no amulet)
HPRegen  0.06/turn              (no ring)
MPRegen  0.10/turn              (no ring)

@: no status effects
A: distributed training, fangs 1, strong nose
a: no special abilities


You were on level 2 of the Dungeon.
You were not hungry.

You visited 1 branch of the dungeon, and saw 2 of its levels.

You collected 10 gold pieces.

Inventory:

Hand Weapons
 a - a +0 mace (weapon)
 b - a +1 hunting sling
 d - a +0 dagger
 h - a +0 club
Missiles
 g - 47 arrows
 i - 8 tomahawks (quivered)
 l - 9 stones
Armour
 e - a +0 robe (worn)
Jewellery
 n - an uncursed ring of teleportation
   (You found it on level 1 of the Dungeon)
Scrolls
 f - a scroll of enchant weapon
 j - a scroll of remove curse
 p - a scroll of magic mapping {unknown}
 q - a scroll of immolation {unknown}
Potions
 m - a potion of flight {unknown}
 o - a potion of curing {unknown}
Books
 k - a book of Callings

   Spells                             Type                      Level
   a - Summon Small Mammal            Summoning                    1
   b - Call Imp                       Summoning                    2
   c - Call Canine Familiar           Summoning                    3
   d - Summon Guardian Golem          Hexes/Summoning              3
   e - Summon Lightning Spire         Summoning/Air                4
   f - Summon Ice Beast               Ice/Summoning                4
Comestibles
 c - 4 rations


   Skills:
 + Level 0.4 Fighting
 + Level 0.4 Short Blades
 + Level 0.4 Long Blades
 + Level 0.4 Axes
 + Level 0.4 Maces & Flails
 + Level 0.4 Polearms
 + Level 0.4 Staves
 + Level 0.4 Slings
 + Level 0.4 Bows
 + Level 0.4 Crossbows
 + Level 0.4 Throwing
 + Level 0.4 Armour
 + Level 4.5 Dodging
 + Level 4.1 Stealth
 + Level 0.4 Shields
 + Level 0.4 Unarmed Combat
 + Level 4.9 Spellcasting
 + Level 0.2 Conjurations
 + Level 0.2 Hexes
 + Level 0.2 Charms
 + Level 7.0 Summonings
 + Level 0.2 Necromancy
 + Level 0.2 Translocations
 + Level 0.2 Transmutations
 + Level 0.2 Fire Magic
 + Level 0.2 Ice Magic
 + Level 0.2 Air Magic
 + Level 0.2 Earth Magic
 + Level 0.2 Poison Magic
 + Level 0.5 Invocations
 + Level 0.4 Evocations


You had 9 spell levels left.
You knew the following spells:

 Your Spells              Type           Power        Failure   Level  Hunger
a - Summon Small Mammal   Summ           ####         1%          1    None


Dungeon Overview and Level Annotations

Branches:
Dungeon (2/15)

Altars:
Uskayaw


Innate Abilities, Weirdness & Mutations

Your experience applies equally to all skills.
You have very sharp teeth.
Your uncanny sense of smell can sniff out nearby items.


Message History

Your quokka's corpse disappears in a puff of smoke!
Things that are here:
a club; a hobgoblin corpse Your bat hits the jackal but does no damage.
Your bat barely misses the jackal.
You see here a scroll labeled ELOCOB LOMYELI.
p - a scroll labeled ELOCOB LOMYELI Your bat hits the jackal.
A jackal comes into view.
You closely miss the jackal.
The jackal is lightly wounded.
Your bat hits the jackal but does no damage.
The jackal closely misses you. The jackal misses you.
Your bat barely misses the jackal.
You hit the jackal but do no damage.
The jackal is lightly wounded.
Your bat barely misses the jackal.
The jackal misses you. x2
The jackal bites you but does no damage.
You closely miss the jackal.
The jackal is lightly wounded.
Your bat disappears in a puff of smoke!
The jackal bites you. The jackal barely misses you. The jackal misses you.
The jackal bites you.
Casting: Summon Small Mammal
Confirm with . or Enter, or press ? or * to list all spells.
The jackal misses you. The jackal closely misses you.
The jackal barely misses you. x2
The jackal misses you. The jackal barely misses you.
Your quokka barely misses the jackal.
You hit the jackal.
You kill the jackal!
The jackal closely misses you. The jackal barely misses you.
You hit the jackal.
The jackal is severely wounded.
Your quokka closely misses the jackal.
The jackal misses you.
Your quokka barely misses the jackal.
The jackal barely misses you.
You hit the jackal.
You kill the jackal!
You see here a jackal corpse.
Autopickup is now on.
q - a scroll labeled MAFYORIARA Autopickup is now off.
You see here a scroll labeled GIBINT ASHRI.
As you read the scroll labeled GIBINT ASHRI, it crumbles to dust.
You feel as if something is helping you.
It was a scroll of remove curse.
Drop what? 17/52 slots (_ for help) (? for menu, Esc to quit)
Okay, then.
You remove your ring of teleportation.
Found a ration.
You see here a ration.
c - 4 rations (gained 1)
Your quokka disappears in a puff of smoke!
A goblin comes into view.
The goblin shouts!
There is a stone staircase leading down here.
You climb downwards.
There is a stone staircase leading up here.
Casting: Summon Small Mammal
Confirm with . or Enter, or press ? or * to list all spells.
The goblin closely misses you. The goblin hits you but does no damage.
Casting: Summon Small Mammal
Confirm with . or Enter, or press ? or * to list all spells.
The goblin hits you but does no damage. The worm bites you!
Ouch! That really hurt!
* * * LOW HITPOINT WARNING * * *
Your quokka closely misses the goblin.
The goblin barely misses you.
Your quokka closely misses the goblin.
The worm barely misses you.
Your rat completely misses the quokka.
Your quokka closely misses the goblin.
The quokka bites you but does no damage.
Your rat closely misses the quokka.
Found 5 gold pieces.
You see here a smoky pink potion.
You swap places.
Your quokka completely misses the goblin.
The goblin hits your rat. The quokka closely misses you.
Your quokka closely misses the goblin.
Your rat bites the quokka.
The goblin hits your rat but does no damage.
Your quokka closely misses the goblin.
Your rat bites the quokka.
Casting: Summon Small Mammal
Confirm with . or Enter, or press ? or * to list all spells.
The quokka bites you.
* * * LOW HITPOINT WARNING * * *
The goblin closely misses your rat.
Your quokka bites the goblin.
The goblin dies!
Your rat completely misses the quokka.
The quokka bites you.
* * * LOW HITPOINT WARNING * * *
The quokka bites you but does no damage.
Your rat barely misses the quokka.
Your quokka bites the worm.
Your quokka bites the quokka but does no damage.
The worm misses your quokka.
The quokka twitches its whiskers.
You barely miss the quokka.
The quokka is almost dead.
Your quokka barely misses the quokka.
The quokka bites you.
You die...

#......## .. #.......# ...
#...$...# .w....##!......# #
...............# .. ...
##........#.# #.##....r......#
#....#.wrr@...## .#
#..##.r####$..##.#
##.....!#((#...##.#########
#.....<.#..#._.#..........#
#.......#..#...#..........#
#....##.##.####...#..........#
....##.
#..#.[..†..##.........<# ..#
##.##..###.#)..............# .
..............#.(#..........#


You could see a worm, 2 dancing weapons, a quokka, 2 friendly quokkas and a
friendly rat.

Vanquished Creatures
  A dart slug (D:1)
  3 goblins
  A hobgoblin (D:1)
  2 jackals (D:1)
  A kobold (D:1)
  2 rats (D:1)
10 creatures vanquished.

Vanquished Creatures (collateral kills)
  2 goblins (D:2)
  2 hobgoblins (D:1)
  A jackal (D:1)
  A frilled lizard (D:1)
  A kobold (D:1)
7 creatures vanquished.

Grand Total: 17 creatures vanquished

Notes
Turn   | Place    | Note
-------+----------+-------------------------------------------
     0 | D:1      | tidbits the Gnoll Summoner began the quest for the Orb.
     0 | D:1      | Reached XP level 1. HP: 13/13 MP: 6/6
   117 | D:2      | Noticed a hand axe
   118 | D:2      | Noticed a hand axe
   120 | D:2      | Found a hide-covered altar of Uskayaw.
   173 | D:1      | Reached XP level 2. HP: 17/19 MP: 7/7
   303 | D:2      | HP: 2/20 [quokka (4)]
   306 | D:2      | Slain by a quokka

Vault maps used:
D:1:      tarquinn_simple_flora_water_e, minmay_cut_off
D:2:      lightli_temple_of_fire, dancing_weapons_uskayaw, first_ration,
          nicolae_ru_path_of_blood

Action                   || total
-------------------------++-------
Melee: Mace              ||    23
       Club              ||     3
       Dagger            ||     1
       Bite              ||     1
 Cast: Summon Small Mamm ||    15
  Use: Scroll            ||     2
 Stab: Sleeping          ||     1
Armor: Robe              ||     5
Dodge: Dodged            ||    34

Table legend:
 A = Spawn XP
 B = Non-spawn XP
 C = Spawn XP percentage of total XP
 D = Spawn monster count
 E = Non-spawn monster count
 F = Spawn count percentage of total count
 G = Total turns spent on level
                    A         B        C        D         E        F      G
               +---------+---------+-------+---------+---------+-------+---------
         Total |       0 |      24 |   0.0 |       0 |      17 |   0.0 |   306
               +---------+---------+-------+---------+---------+-------+---------
           D:1 |       0 |      19 |   0.0 |       0 |      13 |   0.0 |   245
           D:2 |       0 |       5 |   0.0 |       0 |       4 |   0.0 |    61
               +---------+---------+-------+---------+---------+-------+---------

Table legend:
 A = Turns spent in this place as a percentage of turns spent in the entire game.
 B = Non-inter-level travel turns spent in this place as a percentage of non-inter-level travel turns spent in the entire game.
 C = Inter-level travel turns spent in this place as a percentage of turns spent in this place.
 D = Turns resting spent in this place as a percentage of non-inter-level travel turns spent in this place.
 E = Turns spent auto-exploring this place as a percentage of non-inter-level travel turns spent in this place.
 F = Non-inter-level travel turns spent in this place divided by the number of levels of this place that you've seen.
                   A       B       C       D       E      F
               +-------+-------+-------+-------+-------+----------------------
         Total | 100.0 | 100.0 |   0.0 |   0.0 |   0.0 | 153.0
       Dungeon | 100.0 | 100.0 |   0.0 |   0.0 |   0.0 | 153.0
               +-------+-------+-------+-------+-------+----------------------

Table legend:
 A = Kills in this place as a percentage of kills in entire the game.
 B = Kills by you in this place as a percentage of kills by you in the entire game.
 C = Kills by friends in this place as a percentage of kills by friends in the entire game.
 D = Other kills in this place as a percentage of other kills in the entire game.
 E = Experience gained in this place as a percentage of experience gained in the entire game.
 F = Experience gained in this place divided by the number of levels of this place that you have seen.
                   A       B       C       D       E      F
               +-------+-------+-------+-------+-------+----------------------
         Total | 100.0 | 100.0 | 100.0 |   N/A | 100.0 |  12.0
       Dungeon | 100.0 | 100.0 | 100.0 |   N/A | 100.0 |  12.0
               +-------+-------+-------+-------+-------+----------------------

Vault maps used:
D:1:      tarquinn_simple_flora_water_e, minmay_cut_off
D:2:      lightli_temple_of_fire, dancing_weapons_uskayaw, first_ration,
          nicolae_ru_path_of_blood
